 Dungeon Crawl Stone Soup version 0.29.1-12-g30fa7ad0bf (webtiles) character file.

Game seed: 16328828904570184409

30 javelincjr the Sneak (level 3, -1/19 HPs)
             Began as a Vampire Enchanter on Dec 19, 2022.
             Slain by a ball python (3 damage)
             ... on level 2 of the Dungeon.
             The game lasted 00:07:31 (1182 turns).

javelincjr the Sneak (Vampire Enchanter)            Turns: 1182, Time: 00:07:32

Health: -1/19      AC:  0    Str:  7 (9)  XL:     3   Next: 5%
Magic:  6/6        EV: 19    Int: 15 (17) God:
Gold:   62         SH:  0    Dex: 17 (19) Spells: 6/6 levels left

rFire   . . .      SeeInvis +   (weapon currently unavailable)
rCold   + + .      Faith    .   (shield currently unavailable)
rNeg    + + +      Spirit   .   (body armour currently unavailable)
rPois   ∞          Reflect  .   (helmet currently unavailable)
rElec   .          Harm     .   (cloak currently unavailable)
rCorr   .          Rampage  .   (gloves currently unavailable)
Will    .....                   (boots currently unavailable)
Stlth   +++++.....              (no amulet)
HPRegen 0.00/turn               (ring currently unavailable)
MPRegen 0.10/turn               (ring currently unavailable)

@: bat-form, flying, bloodless, inhibited regen, very quick
A: fast, flying, no casting, tiny, bloodless, fangs 3, see invisible, vampiric 2
a: Revivify, End Transformation


You were on level 2 of the Dungeon.
You were a vampire bat.
You visited 1 branch of the dungeon, and saw 2 of its levels.

You collected 62 gold pieces.

Inventory:

Hand Weapons
 a - a +1 dagger (melded)
 n - a +0 dagger of draining
Missiles
 g - 2 poisoned darts (quivered)
Armour
 b - a +0 robe (melded)
Jewellery
 e - a +4 ring of evasion (melded)
Scrolls
 d - a scroll of brand weapon {unknown}
 f - a scroll of poison {unknown}
 h - a scroll of acquirement {unknown}
 i - a scroll of fear {unknown}
 j - a scroll of vulnerability {unknown}
Potions
 c - 2 potions of invisibility
 k - a potion of lignification {unknown}
 l - a potion of curing {unknown}
 m - a potion of degeneration {unknown}
 o - a potion of ambrosia {unknown}


   Skills:
 + Level 1.6 Short Blades
 + Level 2.5 Dodging
 + Level 5.1 Stealth
 + Level 2.1 Spellcasting
 + Level 4.9 Hexes


You had 6 spell levels left.
You didn't know any spells.
Your spell library contained the following spells:

 Spells                   Type           Power      Damage    Failure   Level
 Confusing Touch          Hex            16%        N/A       9%          3
 Tukima's Dance           Hex            16%        N/A       9%          3
 Ensorcelled Hibernation  Hex/Ice        18%        N/A       12%         2
 Dazzling Flash           Conj/Hex       18%        N/A       24%         3


Dungeon Overview and Level Annotations

Branches:
Dungeon (2/15)

Altars:


Innate Abilities, Weirdness & Mutations

You are a vampire bat.
You are tiny and dextrous.
You move quickly.
You are flying.
You are immune to poison.
Your equipment is almost entirely melded.
You are incapable of wielding weapons or throwing items.
You cannot cast spells.
You do not regenerate when monsters are visible.
You are frail without blood (-20% HP).
You can heal yourself when you bite living creatures.
You are immune to poison.
You have razor-sharp teeth.
You have supernaturally acute eyesight. (SInv)
You are afflicted with vampirism and can become a bat while bloodless.


Message History

You barely miss the bat. The bat completely misses you.
The bat completely misses you.
You hit the bat but do no damage. The bat closely misses you.
The bat completely misses you.
There is an open door here.
The bat misses you.
There is an open door here.
You hit the quokka but do no damage. Your bite misses the quokka.
The quokka bites you.
You hit the quokka but do no damage. The quokka barely misses you.
You hit the quokka but do no damage. The quokka closely misses you.
The quokka twitches its whiskers.
The quokka bites you.
* * * LOW HITPOINT WARNING * * *
You closely miss the quokka. The quokka misses you.
You hit the quokka but do no damage. The quokka closely misses you.
The bat barely misses you. The bat closely misses you.
The bat attacks as you move away! The bat barely misses you. The bat hits you.
* * * LOW HITPOINT WARNING * * *
The bat misses you.
You hit the bat but do no damage. The bat misses you.
The bat closely misses you.
You hit the bat but do no damage. You bite the bat, but do no damage.
The bat misses you. The bat completely misses you.
There are monsters nearby!
You completely miss the ball python. The ball python closely misses you.
The ball python misses you.
You barely miss the ball python. The ball python barely misses you.
The ball python grabs you. The ball python constricts you.
* * * LOW HITPOINT WARNING * * *
The ball python completely misses you. The ball python constricts you.
* * * LOW HITPOINT WARNING * * *
You escape the ball python's grasp.
You hit the bat but do no damage. The bat completely misses you.
The bat barely misses you. The bat misses you.
You hit the bat but do no damage. The bat completely misses you.
The ball python bites you.
You die...

#. #.# ...# #.#.##.#
#.##.##....# #......#
.##..†........ ###.####
.....#.##..... #.#
.###...# ..... #.#
#..###..S.. #.#
#..r.$.... ##.#
#...##.#.###########br#
#......#.##b.bS...##S##
##<.####.##.#####.##.#
#........#.# #.##.#
########...# #....#
###.# #S#### #.#####.#
#...S...# #########


You could see a bat and a ball python.

Vanquished Creatures
  A dart slug (D:1)
  2 bats (D:1)
  A giant cockroach (D:1)
  3 goblins (D:1)
  2 hobgoblins (D:1)
  4 jackals (D:1)
  4 kobolds
  2 ball pythons (D:1)
  4 frilled lizards (D:1)
  3 rats (D:1)
26 creatures vanquished.

Notes
Turn   | Place    | Note
-------+----------+-------------------------------------------
     0 | D:1      | javelincjr the Vampire Enchanter began the quest for the
                  | Orb.
     0 | D:1      | Reached XP level 1. HP: 13/13 MP: 3/3
     2 | D:1      | Noticed a naga
     4 | D:1      | Noticed an octopode
     4 | D:1      | Noticed a spriggan
     6 | D:1      | Noticed an ogre
     6 | D:1      | Noticed a felid
     8 | D:1      | Noticed a draconian
     8 | D:1      | Noticed a tengu
    10 | D:1      | Noticed a ghoul
    10 | D:1      | Noticed a troll
    12 | D:1      | Noticed a demigod
    14 | D:1      | Noticed a merfolk
    14 | D:1      | Noticed a vampire
    16 | D:1      | Noticed an elf
    16 | D:1      | Noticed a gargoyle
    18 | D:1      | Noticed a vine stalker
    18 | D:1      | Noticed a meteoran
    20 | D:1      | Noticed a human
    22 | D:1      | Noticed a demonspawn
    22 | D:1      | Noticed a formicid
    24 | D:1      | Noticed a human
    24 | D:1      | Noticed a minotaur
    26 | D:1      | Noticed a spriggan
    26 | D:1      | Noticed a human
   339 | D:1      | Reached XP level 2. HP: 8/19 MP: 5/5
   480 | D:1      | Reached skill level 5 in Stealth
   672 | D:1      | Gained mutation: You are afflicted with vampirism and can
                  | become a bat while bloodless. [Vampire growth]
   672 | D:1      | Reached XP level 3. HP: 19/19 MP: 6/6
  1182 | D:2      | Slain by a ball python

Illustrated notes

Levels and vault maps discovered:
D:1:      kb_arrival_jail, layout_basic
D:2:      layout_loops_cross, shapermc_ecumenical_altar_venn, kennysheep_potato

Skill      XL: |  1  2 |
---------------+-------+-----
Stealth        | 5 |  5.1
Short Blades   | |  1.6
Dodging        | |  2.5
Spellcasting   | |  2.1
Hexes          | |  4.9

Action                   || total
-------------------------++-------
Melee: Dagger            ||    68
       Bite              ||    15
       Punch             ||     1
       Unarmed           ||    30
 Abil: Exsanguinate      ||     1
       Bat Form          ||     1
 Stab: Sleeping          ||    11
Armor: Robe              ||    14
Dodge: Dodged            ||   108
